 Dungeon Crawl Stone Soup version 0.27-a0-170-g607d9e9d85 (webtiles) character file.

Game seed: 9646132705430470879

514082 jasper the Wrestler (level 24, -5/192 HPs)
             Began as a Palentonga Delver on Jan 28, 2021.
             Was a High Priest of Okawaru.
             Slain by an acid blob (20 damage)
             ... on level 4 of the Pits of Slime on Jan 29, 2021.
             The game lasted 02:11:08 (87234 turns).

jasper the Wrestler (Palentonga Delver)            Turns: 87234, Time: 02:11:09

Health: -5/192     AC: 40    Str: 23    XL:     24   Next: 42%
Magic:  22/26      EV:  6    Int: 19    God:    Okawaru [*****.]
Gold:   6133       SH: 30    Dex:  6    Spells: 23/23 levels left

rFire    + + +     SeeInvis +     - Unarmed
rCold    + + .     Faith    +   t - +8 tower shield
rNeg     + . .     Spirit   .   o - +5 plate armour of Cocytus {*Drain rC+ rN+ SInv}
rPois    .         Reflect  .   J - +2 helmet {Int+3}
rElec    +         Harm     .   d - +0 cloak "Fuschos" {rC+} (curse)
rCorr    +         Rampage  .   V - +2 pair of gloves {archery}
Will     ++++.                  y - +5 barding "Olidyruf" {rElec Will++ Int+4 Dex-5}
Stlth    ..........             z - amulet of faith
HPRegen  0.00/turn              e - ring of resist corrosion
MPRegen  0.20/turn              S - ring "Pyona" {rF++ Will+}

@: mighty, heroism, corroded, berserk cooldown, slowed, curled up, very slow
A: large, talons 1, rugged brown scales 3, see invisible, clumsy 1, deformed
body, fire resistance 1, frail 2, low mp 1, screaming 1, inhibited regeneration,
weak 1, roll 1, armoured tail, reflexive curl
}: 2/15 runes: decaying, serpentine
a: Rolling Charge, Renounce Religion, Heroism, Finesse


You were on level 4 of the Pits of Slime.
You worshipped Okawaru.
Okawaru was extremely pleased with you.
You visited 10 branches of the dungeon, and saw 46 of its levels.
You visited the Abyss 1 time.
You also visited: Trove and Gauntlet.

You collected 6133 gold pieces.

Inventory:

Hand Weapons
 u - the +3 sling "Punk" {acid, rCorr}
   (Okawaru gifted it to you on level 1 of the Lair of Beasts)

   It provides partial protection from all sources of acid and corrosion.
 L - the +8 demon trident "Rift" {distort, reach+}
   (You found it on level 4 of the Depths)

   It warps and distorts space around it.
   Unwielding it can cause banishment or high damage.
Missiles
 h - 7 silver javelins
 j - 60 boomerangs (quivered)
 l - 1188 stones
 p - 36 atropa-tipped darts
 B - 25 silver boomerangs
 C - 25 curare-tipped darts
 X - 42 javelins
 Y - 502 sling bullets
Armour
 d - the cursed +0 cloak "Fuschos" (worn) {rC+}
   (You found it on level 3 of the Elven Halls)

   It protects you from cold.
   It has a curse placed upon it.
 o - the +5 plate armour of Cocytus (worn) {*Drain rC+ rN+ SInv}
   (You found it on level 2 of the Lair of Beasts)

   It protects you from cold.
   It protects you from negative energy.
   It lets you see invisible.
   It causes draining when unequipped.
 t - a +8 tower shield (worn)
 y - the +5 barding "Olidyruf" (worn) {rElec Will++ Int+4 Dex-5}
   (Okawaru gifted it to you on level 4 of the Snake Pit)

   It affects your intelligence (+4).
   It affects your dexterity (-5).
   It insulates you from electricity.
   It affects your willpower, your defense against some magical effects.
 J - a +2 helmet of intelligence (worn)
 V - a +2 pair of gloves of archery (worn)
Jewellery
 e - a ring of resist corrosion (left hand)
 z - an amulet of faith (around neck)
 I - an uncursed amulet of reflection
 N - an uncursed ring of poison resistance
 O - an uncursed ring of willpower
 S - the ring "Pyona" (right hand) {rF++ Will+}
   (You took it off a deep elf archer on level 3 of the Elven Halls)

   [ring of willpower]

   It greatly protects you from fire.
   It affects your willpower, your defense against some magical effects.
Wands
 f - a wand of digging (25)
 A - a wand of polymorph (4)
 F - a wand of mindburst (9)
 Q - a wand of iceblast (33)
Scrolls
 a - 10 scrolls of identify
 b - 4 scrolls of fog
 c - 5 scrolls of magic mapping
 i - 25 scrolls of remove curse
 m - a scroll of enchant armour
 n - 11 scrolls of fear
 q - 7 scrolls of blinking
 r - 11 scrolls of teleportation
 s - 5 scrolls of immolation
 D - 3 scrolls of silence
 E - 3 scrolls of holy word
 R - a scroll of summoning
Potions
 g - 3 potions of ambrosia
 k - 7 potions of magic
 v - 5 potions of heal wounds
 w - 2 potions of cancellation
 x - 10 potions of flight
 G - 2 potions of invisibility
 H - 4 potions of brilliance
 P - a potion of might
 T - 2 potions of resistance
 W - 8 potions of curing
 Z - 6 potions of haste
Miscellaneous
 K - a phantom mirror
 U - a box of beasts


   Skills:
 + Level 19.1(24.1) Fighting
 - Level 8.1(14.0) Slings
 - Level 5.6(12.7) Throwing
 + Level 16.3(21.3) Armour
 - Level 2.4(7.4) Dodging
 - Level 3.3(8.3) Stealth
 - Level 15.0(20.0) Shields
 * Level 25.0(27) Unarmed Combat
 - Level 8.6 Invocations


You had 23 spell levels left.
You didn't know any spells.
Your spell library contained the following spells:

 Spells                   Type           Power        Failure   Level
 Animate Skeleton         Necr           0%           73%         1
 Apportation              Tloc           0%           73%         1
 Beastly Appendage        Tmut           0%           73%         1
 Corona                   Hex            0%           73%         1
 Foxfire                  Conj/Fire      0%           73%         1
 Magic Dart               Conj           0%           73%         1
 Sandblast                Erth           0%           73%         1
 Shock                    Conj/Air       0%           73%         1
 Sting                    Tmut/Pois      0%           73%         1
 Summon Small Mammal      Summ           0%           73%         1
 Blink                    Tloc           N/A          86%         2
 Call Imp                 Summ           0%           86%         2
 Corpse Rot               Necr/Air       N/A          86%         2
 Passwall                 Tmut/Erth      0%           86%         2
 Poisonous Vapours        Pois/Air       0%           86%         2
 Searing Ray              Conj           0%           86%         2
 Slow                     Hex            0%           86%         2
 Sublimation of Blood     Necr           0%           86%         2
 Swiftness                Air            0%           86%         2
 Wereblood                Tmut           0%           86%         2
 Call Canine Familiar     Summ           0%           97%         3
 Confusing Touch          Hex            0%           97%         3
 Conjure Flame            Conj/Fire      0%           97%         3
 Dazzling Flash           Conj/Hex       0%           97%         3
 Gell's Gravitas          Tloc           0%           97%         3
 Ignite Poison            Fire/Tmut/Pois 0%           97%         3
 Inner Flame              Hex/Fire       0%           97%         3
 Lesser Beckoning         Tloc           0%           97%         3
 Mephitic Cloud           Conj/Pois/Air  0%           97%         3
 Portal Projectile        Hex/Tloc       0%           97%         3
 Spider Form              Tmut/Pois      0%           97%         3
 Static Discharge         Conj/Air       0%           97%         3
 Stone Arrow              Conj/Erth      0%           97%         3
 Summon Guardian Golem    Hex/Summ       0%           97%         3
 Teleport Other           Tloc           0%           97%         3
 Airstrike                Air            0%           100%        4
 Cause Fear               Hex            0%           100%        4
 Dispel Undead            Necr           0%           100%        4
 Fulminant Prism          Conj/Hex       0%           100%        4
 Ice Form                 Ice/Tmut       0%           100%        4
 Iskenderun's Mystic Bla  Conj/Tloc      0%           100%        4
 Leda's Liquefaction      Hex/Erth       0%           100%        4
 Olgreb's Toxic Radiance  Pois           0%           100%        4
 Passage of Golubria      Tloc           N/A          100%        4
 Petrify                  Tmut/Erth      0%           100%        4
 Sticky Flame             Conj/Fire      0%           100%        4
 Summon Ice Beast         Ice/Summ       0%           100%        4
 Summon Lightning Spire   Summ/Air       0%           100%        4
 Agony                    Necr           0%           100%        5
 Alistair's Intoxication  Tmut/Pois      0%           100%        5
 Blade Hands              Tmut           0%           100%        5
 Bolt of Magma            Conj/Fire/Erth 0%           100%        5
 Excruciating Wounds      Necr           0%           100%        5
 Fireball                 Conj/Fire      0%           100%        5
 Iskenderun's Battlesphe  Conj           0%           100%        5
 Lee's Rapid Deconstruct  Erth           0%           100%        5
 Lightning Bolt           Conj/Air       0%           100%        5
 Metabolic Englaciation   Hex/Ice        0%           100%        5
 Yara's Violent Unravell  Hex/Tmut       0%           100%        5
 Dispersal                Tloc           0%           100%        6
 Iron Shot                Conj/Erth      0%           100%        6
 Dragon Form              Tmut           0%           100%        7
 Orb of Destruction       Conj           0%           100%        7
 Spellforged Servitor     Conj/Summ      0%           100%        7
 Disjunction              Tloc           0%           100%        8


Dungeon Overview and Level Annotations

Branches:
Dungeon (15/15)            Temple (1/1) D:5            Lair (6/6) D:10
  Swamp (4/4) Lair:3        Snake (4/4) Lair:2        Slime (5/5) Lair:6
    Orc (2/2) D:11            Elf (3/3) Orc:2        Vaults (0/5) D:13
 Depths (5/5) D:15           Hell (visited)             Zot (0/5) Depths:5
Gauntlet (visited)
    Dis: Hell:1         Geh: Hell:1         Coc: Hell:1         Tar: Hell:1

Altars:
Ashenzari
Cheibriados
Dithmenos
Elyvilon
Fedhas
Gozag
Hepliaklqana
Kikubaaqudgha
Makhleb
Nemelex Xobeh
Okawaru
Qazlal
Ru
Sif Muna
Trog
Uskayaw
Vehumet
Wu Jian
Xom
Yredelemnul
Zin
The Shining One
Beogh
Jiyva

Shops:
D:15 }   Orc:2 [:(=*   Elf:1 (   Snake:3 :   Depths:5 =

Portals:
Hell: Depths:1 Depths:2 Depths:3 Depths:4 Depths:5
Abyss: Depths:1 Depths:4 Depths:5
Pandemonium: Depths:3 Depths:4 Depths:5
Ziggurat: Depths:1
Bazaar: D:14

Annotations:
D:5 3 runed translucent doors, penis's ghost, weakling TrDe
D:12 1 runed translucent door, Snicker's ghost, journeyman DsDe
Lair:6 exclusion: 2 oklob plants
Slime:4 exclusion: 2 upstairs
Slime:5 Royal Jelly
Elf:2 5 runed translucent doors
Elf:3 2 exclusions
Depths:1 2 transporters, exclusions: 2 eyes of draining, 2 floating eyes and 4 more exclusions, jasper's ghost, veteran PaBe


Innate Abilities, Weirdness & Mutations

You are completely covered in rugged brown scales. (AC +3, +7% HP)
You have supernaturally acute eyesight. (SInv)
Armour fits poorly on your strangely shaped body.
You can roll at nearby foes to attack.
You have a long armoured tail.
You curl defensively after being hit.
You have sharp toenails.
You are clumsy. (Dex -2)
Your flesh is heat resistant. (rF+)
You are very frail. (-20% HP)
Your magical capacity is low. (-10% MP)
You occasionally shout uncontrollably at your foes.
You do not regenerate when monsters are visible.
You are weak. (Str -2)


Message History

You feel much better. You block the acid blob's attack. x2
The acid blob spits acid at you.
The splash of acid hits you but does no damage.
You are splashed with acid.
You resist.
* * * LOW HITPOINT WARNING * * *
The azure jelly barely misses you.
The azure jelly hits you but does no damage. x2
You block the azure jelly's attack. The acid blob spits acid at you.
The splash of acid hits you. You resist.
* * * LOW HITPOINT WARNING * * *
You are splashed with acid.
You resist.
* * * LOW HITPOINT WARNING * * *
The acid blob spits acid at you.
The splash of acid hits you but does no damage.
You are splashed with acid.
You resist.
* * * LOW HITPOINT WARNING * * *
You block the death ooze's attack. x2; The acid blob barely misses you.
The acid blob hits you!!
You die...

............###..#
.............#....
..............#..#
.#......#.<.....##
..#...............
..................
.<..............#.
.......JJJ......#
.......J@J........
.......JJJ........
................#.
.<...............
.........##.....#
..^....... ....#
....>..... #...#
..........# ....


You could see 6 acid blobs, an azure jelly and a death ooze.

Vanquished Creatures
  Mara (Snake:4)
  4 juggernauts
  Saint Roka (D:15)
  Geryon (Hell)
  11 caustic shrikes
  the Enchantress (D:15)
  Nikola (D:15)
  4 golden dragons
  Rupert (D:15)
  A titan (Depths:3)
  2 quicksilver dragons (Depths:3)
  4 liches
  4 deep elf master archers
  2 deep elf blademasters
  3 sphinxes
  Frances (D:12)
  13 acid blobs
  Kirke (D:15)
  2 shadow dragons
  A thorn hunter (Swamp:4)
  A draconian monk (Depths:5)
  15 nagarajas
  5 storm dragons
  4 tengu reavers
  8 fire giants
  A fenstrider witch (Swamp:4)
  4 azure jellies
  7 deep elf sorcerers
  3 iron dragons
  10 frost giants
  A draconian annihilator (Depths:5)
  4 deep elf elementalists
  16 very ugly things
  A caustic shrike skeleton (Depths:3)
  8 spriggan defenders
  15 stone giants
  3 green draconians
  3 vampire knights
  8 deep elf annihilators
  A minotaur (Gauntlet)
  A bunyip (Swamp:4)
  A black draconian (Depths:5)
  2 deep elf demonologists
  A white draconian (Depths:5)
  A red draconian (Depths:4)
  11 spark wasps
  2 purple draconians (Depths:5)
  4 deep elf death magi
  Snorg (Lair:4)
  16 ettins
  A shambling mangrove (Swamp:4)
  3 death oozes
  2 eleionomae
  8 fire dragons
  4 rakshasas
  3 deep elf high priests (Elf:3)
  7 yaktaur captains
  34 hydras
  Erolcha (D:11)
  8 great orbs of eyes
  6 ice dragons
  3 ghost crabs
  Harold (D:11)
  11 spriggan air magi
  A hydra (shapeshifter) (Depths:2)
  23 naga warriors
  3 alligators
  15 centaur warriors
  5 anacondas
  3 ogre magi
  2 vault guards (D:13)
  18 two-headed ogres
  A two-headed ogre (shapeshifter) (Depths:5)
  2 boulder beetles (D:14)
  10 dancing weapons
  8 deep troll shamans
  8 death yaks
  8 deep troll earth magi
  19 naga sharpshooters
  Urug (D:11)
  10 spriggan berserkers
  A shock serpent (shapeshifter) (Depths:2)
  7 tengu warriors
  7 shock serpents
  Sonja (D:12)
  10 skeletal warriors
  A sun demon (Depths:1)
  16 deep elf knights
  20 hell knights
  A wretched star (Abyss:1)
  A sixfirhy (Gauntlet)
  4 iron trolls
  8 goliath frogs
  6 spriggan druids
  An unseen horror (D:15)
  14 swamp dragons
  13 bog bodies
  An unseen horror (shapeshifter) (Elf:1)
  A swamp dragon (shapeshifter) (Depths:3)
  9 naga ritualists
  A flayed ghost (Depths:4)
  20 deep elf archers
  33 deep trolls
  A glowing orange brain (Depths:3)
  2 phantasmal warriors (Depths:4)
  A lindwurm (Lair:5)
  2 orc knights (Orc:1)
  An orb spider (shapeshifter) (Depths:5)
  6 necromancers
  A wolf spider (shapeshifter) (Depths:2)
  52 ugly things
  An iron dragon zombie (Depths:1)
  2 manticores
  6 shining eyes
  10 mana vipers
  A salamander (shapeshifter) (Depths:3)
  50 slime creatures
  7 salamanders
  62 deep elf magi
  3 will-o-the-wisps
  15 elephants
  A moth of wrath (shapeshifter) (Depths:3)
  A frost giant skeleton (Depths:3)
  A spriggan zombie (Depths:4)
  12 cyclopes
  2 sphinx skeletons (Depths:4)
  36 black mambas
  A fire giant skeleton (Depths:3)
  A smoke demon (Gauntlet)
  A black mamba (shapeshifter) (Depths:1)
  17 naga magi
  A torpor snail (Lair:6)
  10 guardian serpents
  An eye of devastation (Slime:2)
  8 cane toads
  A cane toad (shapeshifter) (D:14)
  2 gargoyles
  10 komodo dragons
  A spark wasp simulacrum (Depths:3)
  2 kobold demonologists (D:13)
  An efreet (D:12)
  21 yaktaurs
  8 rime drakes
  A red devil (Depths:1)
  3 tengu conjurers
  A troll (shapeshifter) (Elf:2)
  5 trolls
  10 polar bears
  A queen bee (Lair:5)
  3 meliai (Lair:5)
  A hornet (shapeshifter) (Depths:2)
  A wind drake (shapeshifter) (D:14)
  11 hornets
  11 tyrant leeches
  16 dream sheep
  21 blink frogs
  A fire dragon zombie (Depths:1)
  11 water elementals
  27 spriggans
  2 shadows (D:14)
  A centaur simulacrum (D:14)
  3 air elementals
  A deep troll skeleton (Depths:1)
  A yak (shapeshifter) (Elf:3)
  2 vampires
  4 wyverns
  5 starcursed masses (Abyss:3)
  3 wraiths
  6 hogs (D:15)
  A human (shapeshifter) (D:15)
  59 yaks
  3 basilisks
  9 humans (D:13)
  6 golden eyes
  A steam dragon (Lair:4)
  A large abomination (Abyss:3)
  A warg (D:15)
  4 vampire mosquitoes (Swamp:3)
  73 nagas
  19 swamp worms
  A tengu skeleton (Depths:1)
  21 water moccasins
  29 orc warriors
  2 sky beasts
  9 black bears
  6 ice beasts
  15 ogres
  9 swamp drakes
  3 necrophages
  An ice dragon simulacrum (Depths:1)
  A tengu (shapeshifter) (Depths:2)
  6 eyes of draining
  18 wolves
  8 boggarts
  19 centaurs
  5 big kobolds
  3 earth elementals
  21 bullfrogs
  7 scorpions
  33 killer bees (Lair:5)
  13 wights
  3 howler monkeys
  2 vampire bats (D:9)
  6 electric eels
  3 centaur zombies
  2 lava snakes (D:10)
  A quasit (D:6)
  3 jellies
  8 hounds
  20 orc priests
  4 bullfrog skeletons
  7 centaur skeletons
  21 orc wizards
  3 iguanas
  6 worker ants
  9 hell rats
  A killer bee zombie (D:6)
  A hound zombie (D:7)
  A hound skeleton (D:5)
  2 worker ant zombies
  4 gnolls
  A river rat (D:10)
  12 adders
  2 shadow imps
  5 white imps
  8 ufetubi
  An ooze (D:1)
  An adder zombie (D:6)
  2 adder skeletons
  2 worms
  3 dart slugs
  4 leopard geckos
  81 orcs
  4 bat skeletons (D:9)
  2 bat zombies (D:9)
  4 giant cockroaches
  10 goblins
  6 hobgoblins
  6 jackals
  6 quokkas
  A ball python (D:7)
  8 bats
  4 frilled lizards
  A giant cockroach zombie (D:5)
  A jackal skeleton (D:4)
  32 kobolds
  A quokka skeleton (D:9)
  9 rats
  A butterfly (D:2)
1868 creatures vanquished.

Vanquished Creatures (others)
  A naga warrior (Snake:4)
  A deep troll shaman (D:15)
  2 bloated husks
  A human (D:13)
  2 swamp worms
  A boggart (Depths:1)
  A centaur (Depths:2)
  An orc wizard (D:11)
  2 orcs
  18 foxfires
  71 fungi
  94 plants
195 creatures vanquished.

Grand Total: 2063 creatures vanquished

Notes
Turn   | Place    | Note
-------+----------+-------------------------------------------
     0 | D:5      | jasper the Palentonga Delver began the quest for the Orb.
     0 | D:5      | Reached XP level 1. HP: 20/20 MP: 1/1
    14 | D:5      | Reached XP level 2. HP: 22/27 MP: 2/2
   150 | D:5      | Reached XP level 3. HP: 8/33 MP: 3/3
   421 | D:5      | Reached skill level 1 in Armour
   421 | D:5      | Reached skill level 3 in Unarmed Combat
   421 | D:5      | Reached XP level 4. HP: 19/40 MP: 4/4
   725 | D:5      | Noticed penis's ghost (weakling TrDe)
   725 | D:5      | Noticed an ice beast
  2069 | D:1      | Reached XP level 5. HP: 45/49 MP: 5/5
  3201 | D:2      | Found a shimmering altar of Xom.
  3791 | D:3      | Found a sacrificial altar of Ru.
  3791 | D:3      | Found a stormy altar of Qazlal.
  3799 | D:3      | Became a worshipper of Ru the Awakened
  4083 | D:3      | Found an opulent altar of Gozag.
  4437 | D:4      | Reached skill level 4 in Unarmed Combat
  4548 | D:4      | Reached XP level 6. HP: 44/55 MP: 6/6
  4823 | D:4      | Reached skill level 1 in Shields
  5471 | D:4      | Gained mutation: You have sharp toenails. [potion of
                  | mutation]
  5471 | D:4      | Gained mutation: You do not regenerate when monsters are
                  | visible. [potion of mutation]
  5471 | D:4      | Gained mutation: Your flesh is heat resistant. (rF+)
                  | [potion of mutation]
  5905 | D:5      | Noticed an ice beast
  5912 | D:5      | Killed an ice beast
  5913 | D:5      | Reached skill level 5 in Unarmed Combat
  5913 | D:5      | Gained mutation: You curl defensively after being hit.
                  | [Palentonga growth]
  5913 | D:5      | Reached XP level 7. HP: 64/64 MP: 7/7
  5994 | D:5      | Found a staircase to the Ecumenical Temple.
  6014 | D:5      | Found a runed translucent gate.
  6014 | D:5      | Found a runed translucent gate.
  6014 | D:5      | Found a runed translucent gate.
  6073 | Temple   | Entered the Ecumenical Temple
  6380 | D:5      | Found an iron altar of Okawaru.
  6410 | D:5      | Fell from the grace of Ru
  6411 | D:5      | Became a worshipper of Warmaster Okawaru
  6787 | D:6      | Found a white marble altar of Elyvilon.
  6835 | D:6      | Reached skill level 1 in Invocations
  6929 | D:6      | Reached skill level 1 in Throwing
  7195 | D:6      | Reached * piety under Okawaru
  7213 | D:6      | Reached XP level 8. HP: 71/71 MP: 9/9
  7216 | D:6      | Reached skill level 5 in Fighting
  7216 | D:6      | Reached skill level 6 in Unarmed Combat
  7247 | D:6      | Reached ** piety under Okawaru
  7607 | D:6      | Reached skill level 7 in Unarmed Combat
  7829 | D:6      | Reached XP level 9. HP: 42/79 MP: 11/11
  9527 | D:8      | Reached *** piety under Okawaru
  9757 | D:8      | Reached skill level 8 in Unarmed Combat
  9870 | D:8      | Found a bloodstained altar of Trog.
 10054 | D:8      | Found a blossoming altar of Fedhas.
 10635 | D:9      | Reached **** piety under Okawaru
 10768 | D:9      | Reached XP level 10. HP: 87/89 MP: 13/13
 11206 | D:9      | Found an ancient bone altar of Kikubaaqudgha.
 11557 | D:10     | Entered Level 10 of the Dungeon
 11572 | D:10     | You fall into a shaft and drop 3 floors!
 11581 | D:13     | Reached skill level 5 in Invocations
 11824 | D:12     | Noticed Frances
 11827 | D:12     | Found a runed translucent door.
 11827 | D:12     | Noticed Sonja
 11918 | D:11     | Noticed a two-headed ogre
 11926 | D:11     | Killed a two-headed ogre
 11927 | D:11     | Reached skill level 5 in Armour
 11927 | D:11     | Reached skill level 9 in Unarmed Combat
 12046 | D:11     | Noticed a purple ugly thing
 12046 | D:11     | Noticed Urug
 12063 | D:11     | Killed a purple ugly thing
 12063 | D:11     | Reached ***** piety under Okawaru
 12726 | D:10     | Noticed a death yak
 12762 | D:10     | Killed a death yak
 12763 | D:10     | Reached skill level 5 in Shields
 12793 | D:10     | Noticed a death yak
 12794 | D:10     | Noticed a death yak
 12812 | D:10     | Killed a death yak
 12813 | D:10     | Reached XP level 11. HP: 86/98 MP: 7/15
 12823 | D:10     | Killed a death yak
 12823 | D:10     | Received a gift from Okawaru
 12932 | D:10     | Found a staircase to the Lair.
 13415 | Lair:1   | Entered Level 1 of the Lair of Beasts
 13436 | D:10     | Received a gift from Okawaru
 13437 | D:10     | Reached skill level 10 in Unarmed Combat
 15391 | Lair:1   | Received a gift from Okawaru
 15392 | Lair:1   | Found the +3 sling "Punk" {acid, rCorr}
 15666 | Lair:1   | Reached skill level 5 in Throwing
 16333 | Lair:2   | Found a gate leading to a gauntlet.
 16357 | Lair:2   | Reached skill level 11 in Unarmed Combat
 16369 | Gauntlet | Entered a Gauntlet
 16369 | Gauntlet | Found a transporter.
 16369 | Gauntlet | Found a transporter.
 16369 | Gauntlet | Noticed an oklob plant
 16370 | Gauntlet | Noticed a sixfirhy
 16390 | Gauntlet | Found a transporter.
 16407 | Gauntlet | Found a transporter.
 16418 | Gauntlet | Found a transporter.
 16419 | Gauntlet | Found a transporter.
 16427 | Gauntlet | Found a transporter.
 16440 | Gauntlet | Found a runed translucent door.
 16444 | Gauntlet | Found a transporter.
 16446 | Gauntlet | Noticed a thrashing horror
 16457 | Gauntlet | Found a transporter.
 16461 | Gauntlet | Found a transporter.
 16463 | Gauntlet | Noticed a necromancer
 16470 | Gauntlet | Found a transporter.
 16473 | Gauntlet | Found a transporter.
 16649 | Gauntlet | Killed a sixfirhy
 16650 | Gauntlet | Reached XP level 12. HP: 92/109 MP: 10/17
 17077 | Gauntlet | Noticed a minotaur
 17098 | Gauntlet | Killed a minotaur
 17108 | Gauntlet | Identified the Catalogue of Ashen Contamination
 17267 | Lair:2   | Received a gift from Okawaru
 17431 | Lair:2   | Found a staircase to the Snake Pit.
 17478 | Lair:2   | Noticed a seven-headed hydra
 17498 | Lair:2   | Received a gift from Okawaru
 17507 | Lair:2   | Killed a seven-headed hydra
 17747 | Lair:2   | Found a shimmering blue altar of Sif Muna.
 18555 | Lair:2   | Noticed a seven-headed hydra
 18572 | Lair:2   | Killed a seven-headed hydra
 18573 | Lair:2   | Reached skill level 1 in Slings
 19408 | Lair:2   | Got a glimmering plate armour
 19419 | Lair:2   | Identified the +5 plate armour of Cocytus {*Drain rC+ rN+
                  | SInv} (You found it on level 2 of the Lair of Beasts)
 19471 | Lair:3   | Noticed an eight-headed hydra
 19480 | Lair:3   | Killed an eight-headed hydra
 19480 | Lair:3   | Reached ****** piety under Okawaru
 19953 | Lair:3   | Found a staircase to the Swamp.
 19963 | Lair:3   | Reached skill level 12 in Unarmed Combat
 20234 | Lair:3   | Noticed a four-headed hydra
 20244 | Lair:3   | Killed a four-headed hydra
 20244 | Lair:3   | Received a gift from Okawaru
 20534 | Lair:3   | Noticed a five-headed hydra
 20546 | Lair:3   | Killed a five-headed hydra
 20547 | Lair:3   | Reached XP level 13. HP: 94/118 MP: 19/19
 20669 | Lair:3   | Received a gift from Okawaru
 21068 | Lair:4   | Noticed Snorg
 21079 | Lair:4   | Killed Snorg
 21079 | Lair:4   | Received a gift from Okawaru
 22014 | Lair:4   | Received a gift from Okawaru
 22985 | Lair:4   | Received a gift from Okawaru
 23438 | Lair:5   | Reached skill level 13 in Unarmed Combat
 23861 | Lair:5   | Reached skill level 10 in Fighting
 24099 | D:11     | Killed Urug
 24123 | D:11     | Noticed Erolcha
 24129 | D:11     | Killed Erolcha
 24561 | D:11     | Found a staircase to the Orcish Mines.
 24580 | D:11     | Found a roughly hewn altar of Beogh.
 24939 | D:11     | Reached XP level 14. HP: 119/129 MP: 20/20
 25019 | D:11     | Noticed Harold
 25042 | D:11     | Killed Harold
 25042 | D:11     | Received a gift from Okawaru
 25259 | Orc:1    | Entered Level 1 of the Orcish Mines
 26051 | Orc:2    | Entered Level 2 of the Orcish Mines
 26051 | Orc:2    | Found Ufe Nuel's Jewellery Boutique.
 26051 | Orc:2    | Noticed a stone giant
 26063 | Orc:1    | Killed a stone giant
 26292 | Orc:2    | Found Peqoryus's General Store.
 26611 | Orc:2    | Found Syti's Antique Weapon Shoppe.
 27016 | Orc:2    | Found Ezaebba's Antique Armour Boutique.
 27128 | Orc:2    | Reached skill level 14 in Unarmed Combat
 27216 | Orc:2    | Found Seutuh's Book Boutique.
 27355 | Orc:2    | Found a staircase to the Elven Halls.
 28210 | Lair:5   | Received a gift from Okawaru
 29204 | Lair:5   | Received a gift from Okawaru
 29948 | Lair:5   | Reached skill level 5 in Slings
 30142 | Lair:6   | Entered Level 6 of the Lair of Beasts
 31282 | Lair:6   | Found a viscous altar of Jiyva.
 31395 | Lair:6   | Received a gift from Okawaru
 31443 | Lair:6   | Reached XP level 15. HP: 136/138 MP: 21/21
 32153 | Lair:6   | Reached skill level 15 in Unarmed Combat
 32378 | Lair:6   | Found a staircase to the Slime Pits.
 33268 | D:12     | Killed Sonja
 33285 | D:12     | Killed Frances
 33285 | D:12     | Received a gift from Okawaru
 34011 | D:12     | Identified the +5 spear "jasper's Peril" {flame, *Noise
                  | rC++ Int+3 SInv}
 34011 | D:12     | Identified the cursed +0 dagger of Teshul {pain, Int+3}
 34013 | D:12     | Noticed Snicker's ghost (journeyman DsDe)
 34031 | D:12     | You fall into a shaft and drop 1 floor!
 34349 | D:13     | Received a gift from Okawaru
 34918 | D:13     | Found a gate to the Vaults.
 36290 | D:14     | Reached skill level 10 in Armour
 36438 | D:14     | Received a gift from Okawaru
 36472 | D:14     | Identified the +1 hunting sling "Newtslayer" {venom, +Fly
                  | rN++ Str-3} (Okawaru gifted it to you on level 14 of the
                  | Dungeon)
 36634 | D:14     | Reached skill level 16 in Unarmed Combat
 36853 | D:14     | Found a portal to a secret trove of treasure.
 36985 | D:14     | Reached XP level 16. HP: 148/148 MP: 22/22
 37100 | D:14     | Found a gateway to a bazaar.
 37257 | D:15     | Entered Level 15 of the Dungeon
 37285 | D:15     | Noticed Rupert
 37302 | D:15     | Killed Rupert
 37302 | D:15     | Received a gift from Okawaru
 37412 | D:15     | Found a staircase to the Depths.
 37562 | D:15     | Found Omeupt's Gadget Shop.
 37574 | D:15     | Received a gift from Okawaru
 38281 | D:15     | Received a gift from Okawaru
 38555 | D:15     | Noticed Kirke
 38573 | D:15     | Killed Kirke
 39395 | Snake:1  | Entered Level 1 of the Snake Pit
 40333 | Snake:1  | Received a gift from Okawaru
 40642 | Snake:1  | Received a gift from Okawaru
 41300 | Snake:1  | Reached skill level 17 in Unarmed Combat
 41575 | Snake:1  | Received a gift from Okawaru
 41747 | Snake:2  | Received a gift from Okawaru
 43103 | Snake:2  | Reached XP level 17. HP: 152/159 MP: 23/23
 43148 | Snake:2  | Received a gift from Okawaru
 44567 | Snake:3  | Found Pusi's Book Boutique.
 44594 | Snake:3  | Received a gift from Okawaru
 44752 | Snake:3  | Received a gift from Okawaru
 45984 | Snake:4  | Entered Level 4 of the Snake Pit
 46480 | Snake:4  | Noticed Mara
 46490 | Snake:4  | Killed Mara
 46490 | Snake:4  | Received a gift from Okawaru
 46491 | Snake:4  | Reached skill level 18 in Unarmed Combat
 46495 | Snake:4  | Got a jewelled barding {god gift}
 46507 | Snake:4  | Identified the +5 barding "Olidyruf" {rElec Will++ Int+4
                  | Dex-5} (Okawaru gifted it to you on level 4 of the Snake
                  | Pit)
 47730 | Snake:4  | Received a gift from Okawaru
 48017 | Snake:4  | Reached XP level 18. HP: 112/171 MP: 16/24
 48385 | Snake:4  | Got a serpentine rune of Zot
 49186 | Snake:4  | Reached skill level 10 in Shields
 49342 | Snake:4  | Received a gift from Okawaru
 49358 | Snake:4  | Received a gift from Okawaru
 49376 | Snake:4  | Reached skill level 19 in Unarmed Combat
 49990 | Swamp:1  | Entered Level 1 of the Swamp
 50731 | Swamp:1  | Received a gift from Okawaru
 51527 | Swamp:2  | Received a gift from Okawaru
 51846 | Swamp:2  | Found a broken altar of Ashenzari.
 52312 | Swamp:3  | Received a gift from Okawaru
 52778 | Swamp:3  | Received a gift from Okawaru
 53412 | Swamp:4  | Entered Level 4 of the Swamp
 54180 | Swamp:4  | Received a gift from Okawaru
 54542 | Swamp:4  | Reached XP level 19. HP: 156/180 MP: 25/25
 55103 | Swamp:4  | Reached skill level 15 in Fighting
 55820 | Swamp:4  | Got a decaying rune of Zot
 56137 | Elf:1    | Entered Level 1 of the Elven Halls
 56256 | Elf:1    | Reached skill level 20 in Unarmed Combat
 56384 | Elf:1    | Received a gift from Okawaru
 57081 | Elf:1    | Received a gift from Okawaru
 57364 | Elf:1    | Identified Jablois's Handbook of Supportive Battle Magic
 57448 | Elf:1    | Found Serai's Weapon Emporium.
 58045 | Elf:2    | Found a shimmering blue altar of Sif Muna.
 58525 | Elf:2    | Received a gift from Okawaru
 59072 | Elf:2    | Found a huge runed translucent gate.
 59086 | Elf:2    | Found a huge runed translucent gate.
 59087 | Elf:2    | Found a huge runed translucent gate.
 59088 | Elf:2    | Found a huge runed translucent gate.
 59088 | Elf:2    | Found a huge runed translucent gate.
 59245 | Elf:3    | Entered Level 3 of the Elven Halls
 60105 | Elf:3    | Reached XP level 20. HP: 169/192 MP: 18/26
 60109 | Elf:3    | Received a gift from Okawaru
 60836 | Elf:3    | Identified the ring "Pyona" {rF++ Will+}
 60864 | Elf:3    | Identified the +1 ring mail "Nib Ceapn" {rF++ rC+ Str+3
                  | Int-2}
 61397 | Elf:2    | Reached skill level 21 in Unarmed Combat
 61436 | Elf:3    | Identified the +0 buckler "Jifuddux" {Int+2}
 61871 | Elf:3    | Identified the ring of Muodeaxyor {rF+ Int+5 Dex-4 Stlth+}
 62963 | Elf:3    | Identified the Papyrus of Mutagenic Curses
 62997 | Elf:3    | Identified the cursed +0 cloak "Fuschos" {rC+} (You found
                  | it on level 3 of the Elven Halls)
 63242 | Depths:1 | Entered Level 1 of the Depths
 63242 | Depths:1 | Noticed Nikola
 63243 | Depths:1 | Noticed Saint Roka
 63343 | D:15     | Received a gift from Okawaru
 64423 | D:15     | Killed Nikola
 64521 | Depths:1 | Noticed the Enchantress
 64709 | D:15     | Killed the Enchantress
 65956 | D:15     | Received a gift from Okawaru
 66437 | D:15     | Killed Saint Roka
 67069 | Depths:1 | Received a gift from Okawaru
 67409 | Depths:1 | Found a gateway to a ziggurat.
 67412 | Depths:1 | Paralysed by a floating eye for 4 turns
 67418 | Depths:1 | Paralysed by a floating eye for 4 turns
 67466 | Depths:1 | Reached XP level 21. HP: 202/202 MP: 12/27
 67543 | Depths:1 | Found a transporter.
 67543 | Depths:1 | Identified the +11 broad axe "Palentonga's Regret"
                  | {distort, +Fly rC+}
 67604 | Depths:1 | Noticed a profane servitor
 67606 | Depths:1 | Noticed jasper's ghost (veteran PaBe)
 67713 | Depths:1 | Found a transporter.
 67713 | Depths:1 | Found a one-way gate to the infinite horrors of the Abyss.
 67723 | Depths:1 | Noticed an ancient lich
 67776 | Depths:1 | Found a gateway to Hell.
 67831 | Depths:1 | Received a gift from Okawaru
 67835 | Depths:1 | Found a glowing golden altar of the Shining One.
 68237 | Depths:2 | Received a gift from Okawaru
 68301 | Hell     | Entered the Vestibule of Hell
 68301 | Hell     | Noticed Geryon
 68383 | Hell     | Killed Geryon
 68595 | D:14     | You paid a toll of the horn of Geryon to enter a treasure
                  | trove
 68596 | Trove    | Entered a treasure trove
 68884 | Depths:2 | Reached skill level 22 in Unarmed Combat
 69939 | Depths:2 | Noticed a caustic shrike
 69960 | Depths:2 | Killed a caustic shrike
 70423 | Depths:2 | Noticed a golden dragon
 70435 | Depths:2 | Killed a golden dragon
 70504 | Depths:2 | Received a gift from Okawaru
 70946 | Depths:2 | Received a gift from Okawaru
 71680 | Depths:3 | Received a gift from Okawaru
 72823 | Depths:3 | Received a gift from Okawaru
 73084 | Depths:3 | Received a gift from Okawaru
 73128 | Depths:3 | Reached XP level 22. HP: 174/214 MP: 28/28
 73272 | Depths:3 | Noticed a caustic shrike
 73306 | Depths:3 | Killed a caustic shrike
 73306 | Depths:3 | Received a gift from Okawaru
 73364 | Depths:3 | Noticed a golden dragon
 73369 | Depths:3 | Killed a golden dragon
 73369 | Depths:3 | Received a gift from Okawaru
 73719 | Depths:3 | Received a gift from Okawaru
 73785 | Depths:3 | Reached skill level 23 in Unarmed Combat
 74890 | Depths:3 | Found a one-way gate leading to the halls of Pandemonium.
 75347 | Depths:4 | Found the +8 demon trident "Rift" {distort, reach+}
 75839 | Depths:4 | Reached skill level 15 in Armour
 75961 | Depths:4 | Noticed a golden dragon
 75980 | Depths:4 | Killed a golden dragon
 76778 | Depths:4 | Noticed a juggernaut
 77488 | Depths:3 | Killed a juggernaut
 77488 | Depths:3 | Received a gift from Okawaru
 77572 | Depths:4 | Noticed a juggernaut
 77763 | Depths:3 | Killed a juggernaut
 77763 | Depths:3 | Received a gift from Okawaru
 78029 | Depths:4 | Noticed a golden dragon
 78036 | Depths:4 | Killed a golden dragon
 78122 | Depths:4 | Noticed a juggernaut
 78137 | Depths:4 | Killed a juggernaut
 78291 | Depths:4 | Noticed a juggernaut
 78312 | Depths:4 | Killed a juggernaut
 78312 | Depths:4 | Received a gift from Okawaru
 78365 | Depths:4 | Reached XP level 23. HP: 187/223 MP: 29/29
 78506 | Depths:4 | Noticed a caustic shrike
 78512 | Depths:4 | Noticed a caustic shrike
 78513 | Depths:4 | Noticed a caustic shrike
 78522 | Depths:4 | Killed a caustic shrike
 78537 | Depths:4 | Killed a caustic shrike
 78549 | Depths:4 | Killed a caustic shrike
 78558 | Depths:4 | Received a gift from Okawaru
 79509 | Depths:5 | Entered Level 5 of the Depths
 79661 | Depths:5 | Reached skill level 24 in Unarmed Combat
 80593 | Depths:5 | Noticed a caustic shrike
 80594 | Depths:5 | Noticed a caustic shrike
 80608 | Depths:4 | Killed a caustic shrike
 80610 | Depths:5 | Noticed a caustic shrike
 80630 | Depths:4 | Killed a caustic shrike
 80648 | Depths:4 | Killed a caustic shrike
 80648 | Depths:4 | Received a gift from Okawaru
 81676 | Depths:5 | Noticed a caustic shrike
 81679 | Depths:5 | Noticed a caustic shrike
 81680 | Depths:5 | Noticed a caustic shrike
 81688 | Depths:4 | Killed a caustic shrike
 81717 | Depths:4 | Killed a caustic shrike
 81734 | Depths:4 | Killed a caustic shrike
 82205 | Depths:5 | Found a gate to the Realm of Zot.
 82643 | Depths:5 | Reached XP level 24. HP: 206/233 MP: 29/29
 83057 | Depths:5 | Received a gift from Okawaru
 83129 | Depths:5 | Found Obomoih's Jewellery Boutique.
 83394 | Depths:5 | Voluntarily entered the Abyss.
 83418 | Abyss:1  | Found a roughly hewn altar of Beogh.
 83456 | Abyss:1  | Found a roughly hewn altar of Beogh.
 83526 | Abyss:3  | Paralysed by accursed screaming for 1 turns
 83548 | Depths:5 | Escaped the Abyss
 84236 | Slime:1  | Entered Level 1 of the Pits of Slime
 84974 | Slime:2  | Gained mutation: You are frail. (-10% HP) [a shining eye]
 84976 | Slime:2  | Gained mutation: Your magical capacity is low. (-10% MP) [a
                  | shining eye]
 85082 | Slime:2  | Received a gift from Okawaru
 85274 | Slime:3  | Gained mutation: You are weak. (Str -2) [a shining eye]
 85307 | Slime:2  | Gained mutation: You are clumsy. (Dex -2) [a shining eye]
 85715 | Slime:3  | Reached skill level 15 in Shields
 86027 | Slime:3  | Gained mutation: You occasionally shout uncontrollably at
                  | your foes. [a shining eye]
 86029 | Slime:3  | Gained mutation: You are very frail. (-20% HP) [a shining
                  | eye]
 86174 | Slime:5  | Entered Level 5 of the Pits of Slime
 86194 | Slime:4  | Received a gift from Okawaru
 86614 | Slime:5  | Reached skill level 25 in Unarmed Combat
 87091 | Slime:5  | Noticed the Royal Jelly
 87234 | Slime:4  | Slain by an acid blob

Illustrated notes

Levels and vault maps discovered:
D:1:      wander_arrival_estate, layout_basic, serial_rivers,
          chequers_serial_rivers_micro_e, chequers_serial_rivers_micro_a,
          chequers_serial_rivers_large_a, chequers_serial_rivers_small_b,
          minmay_pentomino_u2
D:2:      layout_basic, xom_butterflies
D:3:      layout_basic, lemuel_doored_altar, amethyst_overflow_temple_binary
D:4:      layout_rooms
D:5:      layout_cave_pods, okawaru_altar_gauntlet_db,
          minmay_temple_entry_enclosed_plants, gammafunk_ghost_icy
D:6:      layout_loops_ring, general_overflow_altar, nrook_mini_backslash,
          nicolae_water_bricks, minmay_joined_circles
D:7:      layout_gridville, enter_bailey_5, serial_bayou_lagoon_a, st_stairs_14,
          chequers_serial_rivers_marsh
D:8:      layout_rooms, trog_ov_bears_minmay, fedhas_ov_isle_minmay
D:9:      layout_basic, kennysheep_vampire_church
D:10:     layout_rooms, dpeg_lair_monsters, kennysheep_boxes
D:11:     layout_rooms, minmay_orc_entry_temple_small, uniq_erolcha,
          uniq_harold, uniq_urug
D:12:     layout_roguey, serial_corexii_hall, chequers_hall_statues_y,
          corexii_hall_statues_i, ebering_ghost_funeral_grove, st_stairs_2,
          minmay_tree_intersection, uniq_frances, uniq_sonja
D:13:     layout_grid_maze, ximxim_vaults_locker_room, minmay_unpleasant_kobolds
D:14:     hangedman_cross_stitches, layout_basic, abandoned_shop, serial_shops,
          bzr_in_the_mist, enter_trove_1, kennysheep_generic_room_11
D:15:     grunt_enter_depths_snipers, layout_rooms, serial_shops,
          nicolae_shop_trees, dk_noncrumbling_4, grunt_ministairs_3,
          uniq_rupert, uniq_kirke
Temple:   dshaligram_water_room_temple
Lair:1:   layout_regular_city, grunt_megastairs_4
Lair:2:   layout_gridlike, minmay_snake_entry_guardpost_small, basic_altar,
          gauntlet_entry_generic
Lair:3:   layout_gridlike, skrybe_swamp_entry_bodies,
          infiniplex_staircase_pool_2, serial_bayou_shore_a
Lair:4:   layout_regular_city, infiniplex_staircase_pool, uniq_snorg
Lair:5:   regret_index_combs_of_tragedy, layout_gridlike, serial_bayou_shore_b
Lair:6:   minmay_lair_end_enchanted_forest, layout_cave_pods, slime_altar_1,
          minmay_lair_oklob_chamber, grunt_megastairs_3, lemuel_fruit_tree
Swamp:1:  layout_basic_swamp, nicolae_swamp_fairy_circle
Swamp:2:  layout_basic_swamp, lemuel_altar_in_water, swamp_pool1
Swamp:3:  layout_basic_swamp, evilmike_swamp_ruin_house_2
Swamp:4:  swamp_basic_johnstein, layout_basic_swamp
Snake:1:  layout_basic
Snake:2:  layout_misc_corridors, portal_ice_cave_entry_ugly_swarm,
          grunt_megastairs_5
Snake:3:  layout_rooms, serial_shops, shop_fountains, grunt_ministairs_11
Snake:4:  grunt_snake_rune_spirals, layout_onion_interference,
          serial_bayou_pond_c, uniq_mara
Slime:1:  layout_caves
Slime:2:  layout_caves, nicolae_slime_barrier
Slime:3:  layout_caves, nicolae_slime_round_cave
Slime:4:  layout_caves, cheibrodos_slime_lost_civilization_7, uniq_dissolution
Slime:5
Orc:1:    nicolae_orc_accident_1, layout_diamond_mine
Orc:2:    grunt_orc_gardens, layout_caves, grunt_orc_garden, grunt_orc_garden,
          grunt_orc_garden, grunt_orc_garden, serial_shops,
          nicolae_shop_statue_plus
Elf:1:    layout_gridlike, serial_shops, shop, minmay_elf_sorcery
Elf:2:    layout_loops_cross, basic_altar, billiards_dpeg
Elf:3:    minmay_elf_hall_furrowed, layout_geoelf_diagonals
Depths:1: layout_cave_pools, enter_ziggurat_d, hell_entry, tso_metal_star,
          gammafunk_ghost_abyssal_escape, minmay_misc_feat_encased,
          uniq_saint_roka, uniq_nikola, uniq_enchantress
Depths:2: minmay_octo_star, layout_gridlike, hell_entry, minmay_staircase_bubble
Depths:3: minmay_four_inscribed_fans, layout_basic, grunt_pan_entry_sceptre,
          hell_entry, hangedman_abyss_or_decor_jellyfish_corner
Depths:4: grunt_runaround [grunt_runaround_doors_1, grunt_runaround_doors_2,
          grunt_runaround_doors_3, grunt_runaround_doors_4,
          grunt_runaround_loot], abyss_entry, hell_entry, pan_entry
Depths:5: grunt_crosshair, layout_gridville, abyss_entry, pan_entry,
          chequers_serial_rivers_large_b, serial_shops,
          nicolae_shop_window_shopping, hangedman_coc_ice_floe
Hell

Skill      XL: |  1  2  3  4  5  6  7  8  9 10 11 12 13 14 15 16 17 18 19 20 21 22 23 24 |
---------------+-------------------------------------------------------------------------+-----
Dodging        | 2 |  2.4
Armour         | 1 2 3 4 5 6 7 8 9 10 11 12 13 14 15 16 | 16.3
Unarmed Combat | 3 4 5 7 8 9 11 12 13 14 16 17 18 19 20 21 22 23 24 25 | 25.0
Fighting       | 4 5 6 7 8 9 10 11 12 13 14 15 16 17 18 19 | 19.1
Shields        | 1 2 3 4 5 6 7 8 9 10 11 12 13 14 15 | 15.0
Invocations    | 1 3 4 6 7 8 |  8.6
Throwing       | 1 2 3 4 5 |  5.6
Slings         | 1 3 5 6 7 8 |  8.1
Stealth        | |  3.3

Action                   |  1- 3 |  4- 6 |  7- 9 | 10-12 | 13-15 | 16-18 | 19-21 | 22-24 || total
-------------------------+-------+-------+-------+-------+-------+-------+-------+-------++-------
Melee: Unarmed           |    26 |   248 |   440 |   610 |  1123 |  1400 |  2053 |  1191 ||  7091
       Tailslap          |     3 |    29 |    52 |    80 |   190 |   200 |   239 |   181 ||   974
       Punch             |       |     3 |       |       |       |       |       |       ||     3
       Kick              |       |     6 |   108 |   191 |    45 |       |       |       ||   350
 Fire: Fustibalus        |       |       |       |    96 |   934 |   729 |   288 |   505 ||  2552
Throw: Dart              |       |    75 |    28 |     1 |       |       |       |       ||   104
       Boomerang         |       |       |       |    94 |    31 |    43 |    65 |    89 ||   322
       Javelin           |       |       |       |       |       |       |       |     7 ||     7
Invok: Renounce Religion |       |       |     1 |       |       |       |       |       ||     1
       Heroism           |       |       |     3 |    20 |    18 |    33 |    21 |    14 ||   109
       Finesse           |       |       |       |     5 |     7 |    18 |    16 |     7 ||    53
 Abil: Rolling Charge    |     3 |    16 |    13 |    14 |    24 |    36 |    42 |    31 ||   179
Evoke: Wand              |       |     5 |    10 |     8 |     7 |     6 |     8 |     1 ||    45
       Phantom mirror    |       |       |       |       |       |       |     1 |       ||     1
  Use: Scroll            |       |     5 |     5 |    13 |     8 |    19 |    12 |     7 ||    69
       Potion            |       |     7 |     2 |     2 |       |     1 |     7 |     4 ||    23
 Stab: Sleeping          |       |     4 |       |       |       |       |       |       ||     4
       Paralysed         |       |       |       |     1 |     2 |     1 |       |       ||     4
       Distracted        |       |       |       |       |       |       |       |     1 ||     1
Armor: Leather armour    |     6 |    34 |       |       |       |       |       |       ||    40
       Ring mail         |       |    34 |       |       |       |       |       |       ||    34
       Chain mail        |       |     7 |    60 |       |       |       |       |       ||    67
       Skin              |       |       |    20 |       |       |       |       |       ||    20
       Plate armour      |       |       |   157 |   309 |   930 |   790 |   967 |   513 ||  3666
Dodge: Dodged            |    10 |   103 |    92 |    98 |   179 |   134 |   160 |    80 ||   856
Block: Buckler           |       |    26 |   109 |    80 |       |       |       |       ||   215
       Kite shield       |       |       |       |   164 |   766 |   270 |       |       ||  1200
       Tower shield      |       |       |       |       |       |  1007 |  2238 |  1155 ||  4400

Table legend: (Time is in decaauts)
 A = Elapsed time spent in this place.
 B = Non-inter-level travel time spent in this place.
 C = Inter-level travel time spent in this place.
 D = Time resting spent in this place.
 E = Time spent auto-exploring this place.
 F = Levels seen in this place.
 G = Mean time per level.
                   A        B        C        D        E       F      G
               +--------+--------+--------+--------+--------+-----+--------+
         Total |  85113 |  81555 |   3558 |  24436 |  42288 |  51 | 1668.9 |
       Dungeon |  25188 |  23732 |   1456 |   6064 |  13525 |  15 | 1679.2 |
        Temple |    135 |    113 |     22 |      0 |    109 |   1 |  135.0 |
          Lair |  14865 |  14058 |    807 |   2125 |   9548 |   6 | 2477.5 |
         Swamp |   5660 |   5514 |    146 |    973 |   3538 |   4 | 1415.0 |
     Snake Pit |  10137 |   9983 |    154 |   3317 |   4847 |   4 | 2534.2 |
    Slime Pits |   2886 |   2886 |      0 |   2379 |     12 |   5 |  577.2 |
  Orcish Mines |   3137 |   2760 |    377 |    684 |   1589 |   2 | 1568.5 |
   Elven Halls |   6337 |   6197 |    140 |   2334 |   2634 |   3 | 2112.3 |
        Depths |  15842 |  15388 |    454 |   6217 |   6195 |   5 | 3168.4 |
          Hell |     24 |     24 |      0 |      0 |      0 |   1 |   24.0 |
         Abyss |    143 |    143 |      0 |      0 |     21 |   3 |   47.7 |
         Trove |     31 |     31 |      0 |      0 |     24 |   1 |   31.0 |
      Gauntlet |    724 |    724 |      0 |    340 |    243 |   1 |  724.0 |
               +--------+--------+--------+--------+--------+-----+--------+

Top non-repeatable levels by time:
    D:15: 5219 daAuts
Depths:4: 4649 daAuts
Depths:3: 3697 daAuts
 Snake:4: 3467 daAuts
   Elf:2: 3324 daAuts
Depths:2: 3310 daAuts
 Snake:1: 3045 daAuts
  Lair:5: 2910 daAuts
Depths:5: 2801 daAuts
  Lair:6: 2753 daAuts
 Swamp:4: 2514 daAuts
  Lair:2: 2507 daAuts
  Lair:1: 2442 daAuts
  Lair:3: 2242 daAuts
 Snake:2: 2183 daAuts
